 Dungeon Crawl Stone Soup version 0.18.1-50-g88ac8fd (webtiles) character file.

2222 Dioneo the Slinger (level 9, -12/54 HPs)
             Began as a Halfling Hunter on Oct 26, 2016.
             Was an Initiate of Kikubaaqudgha.
             Mangled by a troll (16 damage)
             ... on level 7 of the Dungeon.
             The game lasted 00:36:19 (11270 turns).

Dioneo the Slinger (Halfling Hunter)               Turns: 11270, Time: 00:36:20

Health: -12/54     AC:  6    Str: 12    XL:     9   Next: 61%
Magic:  9/9        EV: 13    Int: 10    God:    Kikubaaqudgha [......]
Gold:   359        SH:  0    Dex: 18    Spells: 0 memorised, 8 levels left

rFire  . . .     SeeInvis .     a - +2 hunting sling
rCold  . . .     Gourm    .     c - +1 leather armour
rNeg   . . .     Faith    .     (shield restricted)
rPois  .         Spirit   .     C - +2 hat
rElec  .         Dismiss  .     (no cloak)
rCorr  .         Reflect  .     (no gloves)
SustAt .         Harm     .     (no boots)
MR     .....                    (no amulet)
Stlth  ++++......               (no ring)
                                (no ring)

@: hasted, heavily drained, very quick, not resistant to hostile enchantments,
stealthy
A: mutation resistance 1
a: Renounce Religion


You were on level 7 of the Dungeon.
You worshipped Kikubaaqudgha.
Kikubaaqudgha was noncommittal.
You were not hungry.

You visited 2 branches of the dungeon, and saw 8 of its levels.

You collected 359 gold pieces.

Inventory:

Hand Weapons
 a - a +2 hunting sling (weapon)
 d - a +2 short sword
 e - a +0 long sword
 l - a +0 dagger
Missiles
 o - 119 stones (quivered)
Armour
 c - a +1 leather armour (worn)
 C - a +2 hat (worn)
Jewellery
 g - an uncursed ring of sustain attributes {unknown}
 j - an uncursed ring of wizardry {unknown}
 t - a +6 ring of intelligence {unknown}
 u - an uncursed ring of poison resistance {unknown}
 I - a cursed ring of teleportation {unknown}
Scrolls
 h - a scroll of fear
 i - 3 scrolls of teleportation
 n - 2 scrolls of enchant armour
 s - 3 scrolls of amnesia
 v - 2 scrolls of noise
 B - a scroll of fog
 D - a scroll of enchant weapon
 E - 2 scrolls of magic mapping
Potions
 q - a potion of lignification {unknown}
 w - 2 potions of might {unknown}
 A - a potion of ambrosia {unknown}
 F - a potion of berserk rage {unknown}
 H - a potion of agility {unknown}
Comestibles
 f - 8 bread rations
 k - 10 fruits
 m - 3 beef jerkies
 x - 2 meat rations


   Skills:
 - Level 1.7(0.0) Fighting
 + Level 9.1(6.9) Short Blades
 + Level 11.4(9.1) Slings
 - Level 2.1(0.4) Dodging
 + Level 8.4(6.3) Stealth


You had 8 spell levels left.
You didn't know any spells.

Dungeon Overview and Level Annotations

Branches:
Dungeon (7/15)             Temple (1/1) D:6

Altars:
Ashenzari
Cheibriados
Elyvilon
Kikubaaqudgha
Nemelex Xobeh
Pakellas
Qazlal
Ru
Trog
Vehumet
Yredelemnul

Shops:
D:4 (

Annotations:
D:3 SaintRoka's ghost, weakling HOBe


Innate Abilities, Weirdness & Mutations

You are small and have problems with some larger weapons.
You are somewhat resistant to further mutation.


Message History

The troll is almost dead.
The troll bites you. The troll claws you! x2
Firing (i - inventory):
o - 121 stones (quivered)
Press: ? - help, Shift-Dir - straight line, f/p - troll
Aim: a troll (almost dead)
You shoot a stone. The stone barely misses the troll.
The troll bites you! The troll claws you but does no damage.
The troll claws you.
Firing (i - inventory):
o - 120 stones (quivered)
Press: ? - help, Shift-Dir - straight line, f/p - troll
Aim: a troll (almost dead)
You shoot a stone. The stone hits the troll.
The troll is almost dead.
The troll closely misses you. The troll claws you!
* * * LOW HITPOINT WARNING * * *
The troll claws you.
* * * LOW HITPOINT WARNING * * *
Drink which item? (? for menu, Esc to quit)
You feel yourself speed up. The troll bites you!
You die...
Kikubaaqudgha rasps: "You have failed me!
Welcome... death!"

#...........#
#...........#
#.......#.###
#......##)#
#.....###.#
#.##### #.# #.
#.# # ##.#
###.@#####
#...T....#
##........#
##.........#
####..........#
#.............#
'.
###..(#.......#
..
#.#.#.......#
#.#(#########


You could see a troll.

Vanquished Creatures
  The ghost of ilirakshe the Skirmisher, an amateur DrFi of Okawaru (D:7)
  A hippogriff (D:6)
  An ice beast (D:7)
  A phantom (D:7)
  A sky beast (D:7)
  A centaur (D:7)
  3 ogres
  3 giant frogs
  3 scorpions
  A jelly (D:6)
  A water moccasin skeleton (D:5)
  3 killer bees (D:6)
  3 wights
  2 crimson imps (D:3)
  3 hounds
  3 orc wizards
  An iguana (D:7)
  A worker ant (D:4)
  A hound zombie (D:5)
  A worker ant zombie (D:7)
  12 adders
  3 gnolls (D:5)
  2 howler monkey skeletons (D:6)
  3 shadow imps
  5 oozes
  An adder zombie (D:7)
  6 worms
  3 dart slugs (D:1)
  3 giant geckos
  15 orcs
  11 bats
  8 giant cockroaches
  11 goblins
  8 hobgoblins
  9 jackals
  14 kobolds
  2 quokkas
  A ball python (D:2)
  A giant gecko skeleton (D:6)
  5 giant newts
  5 rats
163 creatures vanquished.

Notes
Turn   | Place    | Note
--------------------------------------------------------------
     0 | D:1      | Dioneo the Halfling Hunter began the quest for the Orb.
     0 | D:1      | Reached XP level 1. HP: 14/14 MP: 1/1
     9 | D:1      | Reached skill level 6 in Slings
    23 | D:1      | Reached skill level 1 in Short Blades
    25 | D:1      | Reached XP level 2. HP: 19/19 MP: 2/2
   243 | D:1      | Reached XP level 3. HP: 20/24 MP: 3/3
   892 | D:1      | Reached XP level 4. HP: 29/29 MP: 4/4
  1760 | D:2      | Reached XP level 5. HP: 24/34 MP: 5/5
  2096 | D:2      | Reached skill level 7 in Slings
  2391 | D:2      | Found a sacrificial altar of Ru.
  3086 | D:3      | Reached XP level 6. HP: 20/39 MP: 6/6
  3880 | D:3      | Found a sparkling altar of Nemelex Xobeh.
  4115 | D:3      | Noticed SaintRoka's ghost (weakling HOBe)
  4369 | D:4      | Found Beel's Weapon Shoppe.
  4433 | D:4      | Found a basalt altar of Yredelemnul.
  4435 | D:4      | Found a stormy altar of Qazlal.
  4898 | D:4      | Reached skill level 8 in Slings
  4943 | D:4      | Reached XP level 7. HP: 44/44 MP: 7/7
  5101 | D:4      | Reached skill level 5 in Short Blades
  5410 | D:5      | Entered Level 5 of the Dungeon
  5792 | D:5      | Reached skill level 5 in Stealth
  5980 | D:5      | Found a radiant altar of Vehumet.
  6283 | D:5      | Found a snail-covered altar of Cheibriados.
  7237 | D:6      | Reached XP level 8. HP: 49/49 MP: 8/8
  7249 | D:6      | Reached skill level 9 in Slings
  7456 | D:6      | Found a staircase to the Ecumenical Temple.
  7463 | Temple   | Entered the Ecumenical Temple
  7506 | Temple   | Became a worshipper of Kikubaaqudgha
  7806 | D:6      | Found a bloodstained altar of Trog.
  8144 | D:7      | Noticed a troll
  9103 | D:7      | Reached skill level 10 in Slings
  9221 | D:7      | Noticed ilirakshe's ghost (amateur DrFi)
  9255 | D:7      | Killed ilirakshe's ghost
  9255 | D:7      | Reached XP level 9. HP: 53/54 MP: 9/9
  9824 | D:7      | Reached skill level 11 in Slings
 11270 | D:7      | Mangled by a troll

Skill      XL: |  1  2  3  4  5  6  7  8  9 |
---------------+----------------------------+-----
Slings         | 6 7 8 10 11 | 11.4
Short Blades   | 1 2 3 4 6 7 9 |  9.1
Stealth        | 2 3 4 5 7 8 |  8.4
Fighting       | |  1.7
Dodging        | |  2.1

Action                   |  1- 3 |  4- 6 |  7- 9 || total
-------------------------+-------+-------+-------++-------
Melee: Short sword       |    50 |   110 |   263 ||   423
       Dagger            |     5 |   124 |    20 ||   149
 Fire: Hunting sling     |    29 |   113 |   271 ||   413
  Use: Scroll            |       |     3 |    12 ||    15
       Potion            |       |       |     4 ||     4
 Stab: Sleeping          |     1 |     7 |     2 ||    10
       Invisible         |       |     1 |       ||     1
       Paralysed         |       |     1 |       ||     1
       Distracted        |       |     1 |       ||     1
  Eat: Chunk             |       |    12 |    13 ||    25
       Royal jelly       |       |       |     1 ||     1
       Meat ration       |       |       |     1 ||     1
Armor: Leather armour    |    11 |    61 |    93 ||   165
Dodge: Dodged            |    40 |   205 |   192 ||   437
